 Dungeon Crawl Stone Soup version 0.31-a0-1576-ga3383bade6 (webtiles) character file.

Game seed: 11929995783170926511

2605 voltaire321 the Ducker (level 9, 0/102 HPs)
             Began as a Merfolk Ice Elementalist on Jan 5, 2024.
             Was a Priest of Wu Jian.
             Slain by a two-headed ogre
             ... wielding a +0 giant club
              (7 damage)
             ... on level 8 of the Dungeon.
             The game lasted 00:25:33 (7589 turns).

voltaire321 the Ducker (Merfolk Ice Elementalist)   Turns: 7589, Time: 00:25:33

Health: 0/102      AC: 31    Str: 13      XL:     9   Next: 59%
Magic:  0/16       EV:  2    Int: 14      God:    Wu Jian [***...]
Gold:   405        SH:  9    Dex: 12 (14) Spells: 10/17 levels left

rFire   . . .        i - +0 scimitar (holy)
rCold   . . .        c - +0 kite shield
rNeg    . . .        r - melded +0 ring mail
rPois   +            (helmet currently unavailable)
rElec   +            k - melded +0 cloak
rCorr   +            v - melded +0 pair of gloves
SInv    .            j - melded +1 pair of boots
Will    .....        a - amulet "Rievekhuss" {Spirit rElec}
Stlth   ++           u - ring of resist corrosion
HPRegen 0.37/turn    (no ring)
MPRegen 0.15/turn

%: guardian spirit
@: ice-armoured, tree-form
A: stationary, stasis, torment immunity, boosted hp, (nimble swimmer 2),
(mertail)
a: Renounce Religion, Wall Jump, Serpent's Lash


You were on level 8 of the Dungeon.
You worshipped Wu Jian.
Wu Jian was most pleased with you.
You were a tree.
You visited 1 branch of the dungeon, and saw 8 of its levels.

You collected 405 gold pieces.

Inventory:

Hand Weapons
 i - a +0 scimitar of holy wrath (weapon)
 w - a +1 spear of freezing
 y - a +0 scimitar
Missiles
 B - a throwing net
Armour
 c - a +0 kite shield (worn)
 j - a +1 pair of boots (melded)
 k - a +0 cloak (melded)
 r - a +0 ring mail (melded)
 v - a +0 pair of gloves (melded)
Magical Staves
 e - a staff of conjuration
Jewellery
 a - the amulet "Rievekhuss" (around neck) {Spirit rElec}
   (You found it on level 7 of the Dungeon)

   [amulet of guardian spirit]

   Spirit:    It causes incoming damage to be divided between your reserves of
   health and magic.
   rElec:     It insulates you from electricity.
 o - a ring of ice
 u - a ring of resist corrosion (left branch)
Wands
 g - a wand of paralysis (4)
Scrolls
 f - a scroll of amnesia
 s - 3 scrolls of poison
Potions
 b - a potion of magic
 d - 2 potions of berserk rage
 h - 5 potions of curing
 l - a potion of attraction {unknown}
 m - 2 potions of mutation {unknown}
 n - 2 potions of enlightenment {unknown}
 q - a potion of invisibility {unknown}
 x - 3 potions of ambrosia
 z - a potion of degeneration {unknown}
 C - a potion of brilliance {unknown}


   Skills:
 + Level 5.3 Fighting
 - Level 1.2(2.5) Short Blades
 * Level 3.4(3.6) Long Blades
 + Level 3.5 Armour
 + Level 7.1 Dodging
 - Level 2.1 Stealth
 + Level 4.9 Shields
 + Level 4.9 Spellcasting
 + Level 6.9 Ice Magic


You had 10 spell levels left.
You knew the following spells:

 Your Spells              Type           Power      Damage    Failure   Level
a - Freeze                Ice            88%        1d9       3%          1
b - Frozen Ramparts       Ice            44%        1d7       10%         3
c - Ozocubu's Armour      Ice            22%        N/A       10%         3

Your spell library contained the following spells:

 Spells                   Type           Power      Damage    Failure   Level
 Ensorcelled Hibernation  Hex/Ice        26%        N/A       21%         2
 Summon Ice Beast         Ice/Summ       13%        N/A       38%         3
 Foxfire                  Conj/Fire      12%        2x1d4     50%         1
 Magic Dart               Conj           12%        1d3       50%         1
 Sandblast                Erth           6%         2d5       50%         1
 Searing Ray              Conj           6%         2d4       65%         2
 Dazzling Flash           Conj/Hex       6%         N/A       86%         3
 Mephitic Cloud           Conj/Alch/Air  3%         N/A       86%         3
 Passwall                 Erth           3%         N/A       86%         3
 Stone Arrow              Conj/Erth      6%         3d7       86%         3
 Swiftness                Air            3%         N/A       86%         3
 Brom's Barrelling Bould  Conj/Erth      3%         2d3       99%         4
 Fulminant Prism          Conj/Alch      1%         3d5       99%         4
 Curse of Agony           Necr           3%         N/A       100%        5
 Silence                  Hex/Air        1%         N/A       100%        5
 Plasma Beam              Fire/Air       1%         2x1d11    100%        6
 Starburst                Conj/Fire      1%         6d3       100%        6


Dungeon Overview and Level Annotations

Branches:
Dungeon (8/15)             Temple (0/1) D:4            Lair (0/5) D:8

Altars:
Hepliaklqana
Makhleb
Nemelex Xobeh
Trog
Wu Jian

Shops:
D:1 :(=   D:5 (   D:7 :

Annotations:
D:2 Sigmund
D:8 1 runed translucent door, Sonofthefire's ghost, novice OpSh


Innate Abilities, Weirdness & Mutations

You are a tree.
Your roots penetrate the ground, keeping you stationary.
You cannot be teleported.
You are immune to unholy pain and torment.
Your maximum health is greatly increased.
Your equipment is partially melded.
((You are very nimble when in or above water. (Stealth+, EV+, Speed+++)))
((Your lower body shifts to a powerful aquatic tail in water.))


Message History

The walls around you are covered in ice.
Casting: Frozen Ramparts (dangerous; 21% risk of failure)
Confirm with . or Enter, or press ? or * to list all spells.
A film of ice covers your body!
The wall freezes the two-headed ogre.
The wall freezes the two-headed ogre.
You hit the two-headed ogre.
The two-headed ogre is lightly wounded.
The wall freezes the two-headed ogre.
The two-headed ogre hits you with a +0 giant club!
The two-headed ogre hits you with a +0 giant spiked club!
You hit the two-headed ogre.
The two-headed ogre is moderately wounded.
The wall freezes the two-headed ogre.
You block the two-headed ogre's attack. The two-headed ogre closely misses you.
You barely miss the two-headed ogre.
The two-headed ogre is moderately wounded.
The wall freezes the two-headed ogre!
The two-headed ogre hits you with a +0 giant club!
The two-headed ogre hits you with a +0 giant spiked club.
You hit the two-headed ogre but do no damage.
The two-headed ogre is moderately wounded.
The wall freezes the two-headed ogre but does no damage.
The two-headed ogre hits you with a +0 giant club!!
* * * LOW HITPOINT WARNING * * *
The two-headed ogre barely misses you.
You hit the two-headed ogre but do no damage.
The two-headed ogre is moderately wounded.
The frozen ramparts melt away.
Okay, then.
You turn into a tree.
Your +0 cloak melds into your body.
Your +0 pair of gloves melds into your body.
Your +1 pair of boots melds into your body.
Your +0 ring mail melds into your body.
Your roots penetrate the ground.
The two-headed ogre hits you with a +0 giant club!
* * * LOW HITPOINT WARNING * * *
You block the two-headed ogre's attack.
You hit the two-headed ogre.
The two-headed ogre is moderately wounded.
The two-headed ogre hits you with a +0 giant club!
You die...

....'.......#..~~~~..#.##,*,,,***
#####.......#...~~~..#,**,**,**
#####.....).#.P~~~~(.#.#*,,,,****
#############...~.P....#*,,,,,,,*
######## #.##.###.###*,*,,**,*
######## #.##........,,*,,,*,*
######## #....####.##**,,,,,,*
######## ####O# *,#,,,,,,,,,,
***********#♣#***,,,,*,,,,,,,
*,,,,,,,,,*#....#*****,,,,,,,
*,,,,,,,,,,...#.# *,******
*,,*****,,.....,# *,*,,,,,
*,,*,,,*,.+##...* *,,,,,,*
*,,*,,,*..,,,#.##********,*,,
*,,*,,,#.,,,,*..,,,,,,,*,,,*,
*,,***##,,,,,*###**>,,,***,,,
****,,,,........* *,,,,* ****


You could see a two-headed ogre.

Vanquished Creatures
  A shadow (D:6)
  A yak (D:8)
  3 orc warriors
  2 sky beasts (D:6)
  2 ice beasts
  A black bear (D:6)
  A centaur (D:8)
  Blork the orc (D:6)
  A bullfrog (D:6)
  2 scorpions
  3 wights (D:8)
  3 howler monkeys (D:7)
  5 hounds
  A quasit (D:8)
  2 orc priests (D:6)
  2 bombardier beetles (D:5)
  2 jellies
  2 sleepcaps
  Jessica (D:2)
  4 iguanas
  An orc wizard (D:8)
  11 gnolls
  6 adders
  6 shadow imps
  6 white imps (D:8)
  5 ufetubi
  4 dart slugs
  A ribbon worm (D:2)
  25 orcs
  2 ball pythons
  8 endoplasms
  6 giant cockroaches
  9 goblins
  8 hobgoblins
  3 quokkas
  4 bats
  3 frilled lizards
  8 kobolds
  4 rats
160 creatures vanquished.

Notes
Turn   | Place    | Note
-------+----------+-------------------------------------------
     0 | D:1      | voltaire321 the Merfolk Ice Elementalist began the quest
                  | for the Orb.
     0 | D:1      | Reached XP level 1. HP: 13/13 MP: 3/3
   133 | D:1      | Found Upheupha's Jewellery Boutique.
   197 | D:1      | Found Qiusom's Weapon Shoppe.
   202 | D:1      | Reached XP level 2. HP: 20/20 MP: 3/5
   315 | D:1      | Reached skill level 3 in Dodging
   744 | D:1      | Reached XP level 3. HP: 25/25 MP: 6/6
   750 | D:1      | Found Heohi's Book Shop.
   898 | D:1      | Reached skill level 1 in Shields
   902 | D:1      | Learned a level 3 spell: Frozen Ramparts
   961 | D:2      | Noticed Jessica
   969 | D:2      | Killed Jessica
   970 | D:2      | Reached skill level 1 in Fighting
  1019 | D:2      | Noticed Sigmund
  1034 | D:1      | Reached XP level 4. HP: 29/32 MP: 3/7
  1602 | D:3      | Reached skill level 1 in Armour
  1886 | D:3      | Reached XP level 5. HP: 35/38 MP: 8/8
  1956 | D:3      | Found an ornate altar of the Wu Jian Council.
  2006 | D:3      | Became a worshipper of the Wu Jian Council
  2011 | D:3      | Learned a level 3 spell: Ozocubu's Armour
  2411 | D:4      | Reached skill level 4 in Dodging
  2411 | D:4      | Reached skill level 5 in Ice Magic
  2422 | D:4      | Reached XP level 6. HP: 7/44 MP: 10/10
  2780 | D:4      | Found a staircase to the Ecumenical Temple.
  3403 | D:5      | Entered Level 5 of the Dungeon
  3440 | D:5      | Found Yryrokky's Weapon Shop.
  3450 | D:5      | Reached XP level 7. HP: 50/51 MP: 11/11
  3478 | D:5      | Reached * piety under Wu Jian
  3665 | D:5      | Reached skill level 5 in Dodging
  3907 | D:5      | Found a hazy altar of Hepliaklqana.
  4234 | D:5      | Found a bloodstained altar of Trog.
  4316 | D:6      | Found a sparkling altar of Nemelex Xobeh.
  4573 | D:6      | Noticed Blork the orc
  4593 | D:6      | Killed Blork the orc
  4594 | D:6      | Reached XP level 8. HP: 26/60 MP: 5/13
  4796 | D:6      | Noticed a shadow
  4948 | D:6      | Reached ** piety under Wu Jian
  5324 | D:7      | Reached skill level 6 in Dodging
  5560 | D:7      | Found Keoqopt's Book Boutique.
  5573 | D:7      | Identified the amulet "Rievekhuss" {Spirit rElec}
  5679 | D:7      | Found a burning altar of Makhleb.
  6108 | D:6      | Reached skill level 1 in Short Blades
  6108 | D:6      | Reached XP level 9. HP: 63/67 MP: 10/15
  6153 | D:6      | Reached skill level 1 in Long Blades
  6609 | D:8      | Reached skill level 5 in Fighting
  6851 | D:8      | Found a runed translucent door.
  6869 | D:8      | Noticed Sonofthefire's ghost (novice OpSh)
  6890 | D:8      | Noticed an elephant
  7337 | D:8      | Reached skill level 7 in Dodging
  7458 | D:8      | Reached *** piety under Wu Jian
  7521 | D:8      | Noticed a two-headed ogre
  7589 | D:8      | Slain by a two-headed ogre

Illustrated notes

Levels and vault maps discovered:
D:1:      minmay_arrival_up_and_down, layout_loops_ring, serial_shops,
          nicolae_shop_pleasant_corner_grove, shop, shop,
          minmay_gold_behind_fungi
D:2:      layout_basic, uniq_sigmund, uniq_jessica, uniq_terence
D:3:      layout_rooms, amcnicky_altar_gilded, minmay_surrounded
D:4:      layout_basic, minmay_temple_entry_antechambers
D:5:      layout_rooms, overflow_temple_1_default, trog_hazing_becter,
          serial_shops, nicolae_shop_rolling_square, nrook_loot_triangle,
          kennysheep_boxes
D:6:      layout_cave_pools, nemelex_spade_bored_becter, nicolae_letterblocks
          [nicolae_letter_subblock, nicolae_letter_subblock,
          nicolae_letter_subblock, nicolae_letter_subblock,
          nicolae_letter_subblock, nicolae_letter_subblock,
          nicolae_letter_subblock, nicolae_letter_subblock,
          nicolae_letter_subblock, nicolae_letter_subblock,
          nicolae_letter_subblock, nicolae_letter_subblock,
          nicolae_letter_subblock, nicolae_letter_subblock,
          nicolae_letter_subblock, nicolae_letter_subblock,
          nicolae_letter_subblock, nicolae_letter_subblock,
          nicolae_letter_subblock, nicolae_letter_subblock,
          nicolae_letter_subblock, nicolae_letter_subblock,
          nicolae_letter_subblock, nicolae_letter_subblock,
          nicolae_letter_subblock], uniq_blork_the_orc
D:7:      layout_gridville, lemuel_round_altar, serial_shops,
          nicolae_shop_statue_plus, small_statue_intersection,
          kennysheep_generic_room_2
D:8:      layout_basic, david_lair_generic, serial_demonic, serial_demonic_a,
          serial_demonic_d, serial_demonic_f, serial_demonic_b,
          serial_demonic_b, serial_demonic_f, hellmonk_ghost_big_iron,
          due_unseen_surprise

Skill      XL: |  1  2  3  4  5  6  7  8  9 |
---------------+----------------------------+-----
Dodging        | 3 4 5 6 7 |  7.1
Shields        | 1 2 3 4 |  4.9
Fighting       | 1 2 3 4 5 |  5.3
Armour         | 1 2 3 |  3.5
Ice Magic      | 5 6 |  6.9
Spellcasting   | 3 4 |  4.9
Short Blades   | 1 |  1.2
Long Blades    | 3 |  3.4
Stealth        | |  2.1

Action                     |  1- 3 |  4- 6 |  7- 9 || total
---------------------------+-------+-------+-------++-------
  Melee: Dagger            |    16 |    23 |       ||    39
         Mace              |       |    79 |   170 ||   249
         Spear             |       |   100 |    94 ||   194
         Tailslap          |       |       |    14 ||    14
         Scimitar          |       |       |   168 ||   168
   Cast: Freeze            |    30 |    20 |       ||    50
         Frozen Ramparts   |       |     1 |    16 ||    17
         Ozocubu's Armour  |       |       |     1 ||     1
Ability: Lunge             |       |     7 |     6 ||    13
         Whirlwind         |       |       |    20 ||    20
    Use: Potion            |       |     2 |     5 ||     7
         Scroll            |       |       |    14 ||    14
   Stab: Sleeping          |     4 |     4 |     2 ||    10
 Armour: Robe              |    21 |    19 |       ||    40
         Ring mail         |       |   116 |   318 ||   434
         Skin              |       |       |     2 ||     2
  Dodge: Dodged            |    15 |    71 |   267 ||   353
  Block: Kite shield       |       |   106 |   291 ||   397

Table legend: (Time is in decaauts)
 A = Elapsed time spent in this place.
 B = Non-inter-level travel time spent in this place.
 C = Inter-level travel time spent in this place.
 D = Time resting spent in this place.
 E = Time spent auto-exploring this place.
 F = Levels seen in this place.
 G = Mean time per level.
                   A        B        C        D        E       F      G
               +--------+--------+--------+--------+--------+-----+--------+
         Total |   7831 |   7640 |    191 |   1557 |   3638 |   8 |  978.9 |
       Dungeon |   7831 |   7640 |    191 |   1557 |   3638 |   8 |  978.9 |
               +--------+--------+--------+--------+--------+-----+--------+

Top non-repeatable levels by time:
     D:4: 1239 daAuts
     D:6: 1203 daAuts
     D:7: 1169 daAuts
     D:5: 1033 daAuts
     D:1: 1007 daAuts
     D:8: 949 daAuts
     D:2: 665 daAuts
     D:3: 562 daAuts
